Unix NetHack Version 5.0.0-0 post-release - last build Jun 10 2026 00:39:30 (3ee93aec679c4c4259841fe613dc97188e26a321,branch:main).

Game began 2026-06-21 09:47:06, ended 2026-06-21 10:16:05.

Eymerich, chaotic male elven Priest

                                                                        --
                                                                      --...
                                                                      |.....
                                                                     --......
                                                                  -- |.......
                                                                  |..........
                                                                  --........-
                                                              ------.......<|
                                                        G    GG@.d..........|
                                                              -----........
                                                                  |.......
                                                                  ---...

Eymerich the Acolyte         St:9 Dx:10 Co:14 In:13 Wi:20 Ch:9  Chaotic
Dlvl:4  $:30 HP:0(22) Pw:25(42) AC:6  Xp:3 T:1676  Burdened

Latest messages:
 You stop eating the dwarf corpse.
 The 2nd dart misses you.
 There is a partly eaten dwarf corpse here; eat it? [ynq] (n)
 You resume your meal.
 The gnome lord throws 2 darts!
 The 1st dart misses you.
 You stop eating the dwarf corpse.
 The 2nd dart misses you.
 You hear some noises in the distance.
 There is a partly eaten dwarf corpse here; eat it? [ynq] (n)
 You resume your meal.
 The gnome lord throws 2 darts!
 The 1st dart misses you.
 You stop eating the dwarf corpse.
 You are hit by the 2nd dart.
 There is a partly eaten dwarf corpse here; eat it? [ynq] (n)
 You resume your meal.
 You stop eating the dwarf corpse.
 You have a little trouble lifting L - 6 darts.
 C - a cursed stout spear.
 K - 4 rocks (5 in total).
 What do you want to throw? [$CL or ?*]
 In what direction?
 The stout spear misses the gnome lord.
 What do you want to ready? [$L or ?*]
 L - 6 darts (at the ready).
 In what direction?
 The dart misses the gnome lord.
 In what direction?
 The dart hits the gnome lord.
 The gnome lord wields a flail!
 In what direction?
 The dart hits the gnome lord.
 You hit the gnome lord!
 The gnome lord swings his flail.
 The gnome lord hits!
 In what direction?
 You feel better.
 You miss the gnome lord.
 The gnome lord swings his flail.
 The gnome lord hits!
 The gnome lord swings his flail.
 The gnome lord hits!
 What do you want to zap? [rw or ?*]
 Never mind.
 You fail to cast the spell correctly.
 The gnome lord swings his flail.
 The gnome lord hits!
 You die...
 Do you want your possessions identified? [ynq] (y)

Inventory:
 Coins    ('$')
  $ - 30 gold pieces
 Amulets  ('"')
  x - a cursed amulet of life saving
 Weapons  (')')
  L - 3 +0 darts (at the ready)
  a - a blessed +1 mace (weapon in right hand)
 Armor    ('[')
  E - a +0 dwarvish iron helm (being worn)
  F - a +0 dwarvish roundshield (being worn)
  b - a +0 robe
  H - a blessed +1 dwarvish mithril-coat
 Comestibles  ('%')
  e - a clove of garlic
  z - a lembas wafer
  f - a sprig of wolfsbane
  o - a lichen corpse
 Scrolls  ('?')
  u - a scroll of enchant armor
  m - a scroll of identify
  p - a scroll of scare monster
 Spellbooks  ('+')
  g - a spellbook of healing
  h - a spellbook of light
 Potions  ('!')
  l - a potion of gain energy
  q - 2 potions of healing
  s - a blessed potion of levitation
  d - 4 potions of holy water
 Wands    ('/')
  w - a wand of speed monster (0:5)
  r - a wand of stasis (0:5)
 Tools    ('(')
  j - a blindfold
  A - a towel
 Gems/Stones  ('*')
  I - a dilithium crystal named soft
  t - a worthless piece of blue glass named soft
  K - 5 rocks

Eymerich the Priest's attributes:

Background:
 You were an Acolyte, a level 3 elven Priest.
 You were chaotic, nominally on a mission for Loki
 who was opposed by Tyr (lawful) and Odin (neutral).
 You were right-handed.
 You were in the Gnomish Mines, on level 4.
 You entered the dungeon 1676 turns ago.
 You had 64 experience points, 16 more were needed to attain level 4.

Basics:
 You had 0 out of 22 hit points.
 You had 25 out of 42 energy points (spell power).
 Your armor class was 6.
 Your wallet contained 30 zorkmids.
 Autopickup was off.

Final Characteristics:
 Your strength was 9 (limit:18).
 Your dexterity was 10 (limit:18).
 Your constitution was 14 (limit:16).
 Your intelligence was 13 (limit:20).
 Your wisdom was 20 (limit:20).
 Your charisma was 9 (limit:18).

Final Status:
 You weren't hungry.
 You were burdened; movement was slightly slowed.
 You were wielding a mace.
 You had basic skill with mace.

Final Attributes:
 You were devoutly aligned.
 You had infravision.
 You are dead.

Miscellaneous:
 You didn't encounter any bones levels.
 Total elapsed playing time was 28 minutes and 56 seconds.

Major events:
 Turn
    1: Eymerich the chaotic elven Priest entered the dungeon
 1398: attained the rank of Acolyte (level 3)
 1456: entered the Gnomish Mines
 1676: killed by a gnome lord

Spells:
 Name                 Level Category     Fail Retention
 healing                1   healing       81%  76%-100%
 light                  1   clerical      87%  91%-100%

Skills:
 Fighting Skills
   bare handed combat [Unskilled]
 Weapon Skills
   club               [Unskilled]
   mace               [Basic]
   morning star       [Unskilled]
   flail              [Unskilled]
   hammer             [Unskilled]
   quarterstaff       [Unskilled]
   polearms           [Unskilled]
   spear              [Unskilled]
   trident            [Unskilled]
   lance              [Unskilled]
   bow                [Unskilled]
   sling              [Unskilled]
   crossbow           [Unskilled]
   dart               [Unskilled]
   shuriken           [Unskilled]
   boomerang          [Unskilled]
   unicorn horn       [Unskilled]
 Spellcasting Skills
   healing spells     [Unskilled]
   divination spells  [Unskilled]
   clerical spells    [Basic]

Voluntary challenges:
 Character rerolling was not enabled.
 You were an atheist.
 You were illiterate.
 You never genocided any monsters.
 You never polymorphed an object.
 You never changed form.
 You used no wishes.
Achievements:
 You attained the rank of Acolyte.
 You entered the Gnomish Mines.

 The Dungeons of Doom: levels 1 to 4
    Level 1:
       A fountain, a sink.
    Level 2: "iron bars"
       A grave.
    Level 3: "vault"
       Many fountains.
       Stairs down to The Gnomish Mines.
    Level 4:
 The Gnomish Mines:
    Level 4: <- You were here.
       Final resting place for
          you, killed by a gnome lord.


Vanquished creatures:
  2 dwarves
  2 acid blobs
  a brown mold
  a green mold
  2 gnomes
  a gnome zombie
  4 jackals
  a fox
  a goblin
  3 grid bugs
  3 lichens
  a kobold zombie
  9 newts
31 creatures vanquished.

No species were genocided or became extinct.

Game over:
                       ----------
                      /          \
                     /    REST    \
                    /      IN      \
                   /     PEACE      \
                  /                  \
                  |     Eymerich     |
                  |      30 Au       |
                  |   killed by a    |
                  |    gnome lord    |
                  |                  |
                  |                  |
                  |       2026       |
                 *|     *  *  *      | *
        _________)/\\_//(\/(/\)/\//\/|_)_______

Goodbye Eymerich the Priest...

You died in The Gnomish Mines on dungeon level 4 with 433 points,
and 30 pieces of gold, after 1676 moves.
You were level 3 with a maximum of 22 hit points when you died.

